 Dungeon Crawl Stone Soup version 0.17.1-1-g73c8601 (webtiles) character file.

5983 Implojin the Grappler (level 10, -2/107 HPs)
             Began as a Troll Fighter on Apr 5, 2016.
             Was an Elder of Okawaru.
             Slain by a polar bear (5 damage)
             ... in an ice cave.
             The game lasted 00:14:19 (2177 turns).

Implojin the Grappler (Troll Fighter)               Turns: 2177, Time: 00:14:19

Health: -2/107     AC:  6    Str: 26    XL:     10   Next: 55%
Magic:  10/11      EV: 12    Int:  4    God:    Okawaru [****..]
Gold:   371        SH: 11    Dex: 12    Spells: 0 memorised, 9 levels left

rFire  . . .     SeeInvis .       - Unarmed
rCold  . . .     Clarity  .     a - +1 robe
rNeg   . . .     SustAt   .     b - +0 shield
rPois  +         Gourm    +     (helmet restricted)
rElec  .         Spirit   .     (no cloak)
rCorr  .         Warding  .     (gloves unavailable)
rMut   .         Stasis   .     (boots unavailable)
MR     .....                    r - amulet of rage
Stlth  ++........               (no ring)
                                C - ring of poison resistance

@: heroism, invisible, not resistant to hostile enchantments, unstealthy
A: unfitting armour, claws 3, fast metabolism 3, gourmand, regeneration 2,
shaggy fur 1, tough skin 2
a: Heroism, Renounce Religion, Evoke Berserk Rage


You were in an ice cave.
You worshipped Okawaru.
Okawaru was greatly pleased with you.
You were very full.

You visited 3 branches of the dungeon, and saw 13 of its levels.
You also visited: Ossuary and Ice Cave.

You collected 491 gold pieces.
You spent 120 gold pieces at shops.

Inventory:

Armour
 a - a +1 robe (worn)
 b - a +0 shield (worn)
Jewellery
 r - an amulet of rage (around neck)
 C - a ring of poison resistance (left claw)
Wands
 g - a wand of fireball (6)
 v - a wand of draining (5)
 w - a wand of paralysis (6)
 y - a wand of frost (17)
 D - a wand of fireball (6)
Scrolls
 e - 4 scrolls of remove curse
 h - a scroll of enchant weapon {unknown}
 j - a scroll of fear {unknown}
 q - a scroll of enchant armour
 s - 2 scrolls of teleportation
 t - a scroll of amnesia {unknown}
 u - a scroll of random uselessness
Potions
 c - a potion of might
 n - a potion of cancellation
 p - a potion of brilliance
 x - a potion of berserk rage {unknown}
 z - a potion of curing
 A - a potion of haste {unknown}
 B - a potion of agility {unknown}
 G - a potion of flight {unknown}
Books
 m - a book of Summonings

   Spells                             Type                      Level
   a - Recall                         Summoning/Translocation      3
   b - Aura of Abjuration             Summoning                    5
   c - Shadow Creatures               Summoning                    5
   d - Summon Demon                   Summoning                    5
   e - Summon Forest                  Summoning/Translocation      5
   f - Summon Mana Viper              Hexes/Summoning              5
 F - a book of Callings

   Spells                             Type                      Level
   a - Summon Small Mammal            Summoning                    1
   b - Call Imp                       Summoning                    2
   c - Call Canine Familiar           Summoning                    3
   d - Summon Guardian Golem          Hexes/Summoning              3
   e - Summon Lightning Spire         Summoning/Air                4
   f - Summon Ice Beast               Ice/Summoning                4
Comestibles
 d - 5 bread rations
 f - 8 fruits
 i - a royal jelly
 l - 6 chunks of flesh
 o - a slice of pizza


   Skills:
 - Level 9.5(14.5) Fighting
 - Level 2.4(7.4) Dodging
 - Level 2.4(7.4) Shields
 * Level 11.1(16.1) Unarmed Combat
 - Level 3.1 Invocations


You had 9 spell levels left.
You didn't know any spells.

Dungeon Overview and Level Annotations

Branches:
Dungeon (8/15)             Temple (1/1) D:5            Lair (4/8) D:8
  Swamp: Lair:3-6    Shoals: Lair:3-6     Snake: Lair:3-6    Spider: Lair:3-6

Altars:
Ashenzari
Dithmenos
Fedhas
Kikubaaqudgha
Okawaru
Sif Muna
Vehumet
Xom
Zin

Shops:
D:7 !


Innate Abilities, Weirdness & Mutations

You are too large for most types of armour.
You have claws for hands.
Your metabolism is lightning-fast.
You like to eat raw meat.
You heal very quickly.
You are covered in fur (AC +1).
You have very tough skin (AC +2).


Message History

The wolf barely misses you. You block the wolf's attack.
You miss the wolf.
The wolf is almost dead.
The wolf bites you but does no damage.
You completely miss the wolf.
The wolf is almost dead.
The wolf closely misses you.
You closely miss the wolf.
The wolf is almost dead.
The wolf bites you.
* * * LOW HITPOINT WARNING * * *
You mangle the wolf!!
You kill the wolf!
Okawaru accepts your kill.
You mangle the polar bear!!
The polar bear is heavily wounded.
The polar bear bites you!
* * * LOW HITPOINT WARNING * * *
The polar bear barely misses you. The polar bear closely misses you.
You closely miss the polar bear.
The polar bear is heavily wounded.
The polar bear bites you!
* * * LOW HITPOINT WARNING * * *
The polar bear claws you.
* * * LOW HITPOINT WARNING * * *
The polar bear barely misses you.
You barely miss the polar bear.
The polar bear is heavily wounded.
Unknown command.
You scratch the polar bear.
The polar bear is severely wounded.
The polar bear bites you!
* * * LOW HITPOINT WARNING * * *
The polar bear closely misses you. x2
Read which item? (? for menu, Esc to quit)
Okay, then.
Drink which item? (? for menu, Esc to quit)
You fade into invisibility!
The polar bear bites you.
You die...

#...†...#
#...∩...#
##.....##
##...##
#...##
##...#
##...#
##...##
#.†@##
#.h##
##†.#
##.h#
#..# ....
.....
......h
...h#...


You could see a polar bear.

Vanquished Creatures
  Pikel (D:8)
  2 black mambas
  2 polar bears (IceCv)
  A wyvern (D:7)
  13 yaks
  A basilisk (Lair:3)
  4 wolves (IceCv)
  Menkaure (D:5)
  An ice beast (D:7)
  2 phantoms
  A sky beast (D:7)
  4 slaves (D:8)
  6 porcupines
  A giant frog (Lair:3)
  2 centaur zombies (Ossuary)
  A hound (D:4)
  3 iguanas
  A giant frog skeleton (D:5)
  2 jellies
  A human zombie (Ossuary)
  4 big kobold zombies (Ossuary)
  2 mummies (Ossuary)
  A gnoll (D:6)
  23 river rats
  5 adders
  A giant gecko (D:4)
  4 orcs
  4 bats
  A giant cockroach (D:5)
  2 goblins
  2 hobgoblins (D:1)
  2 jackals (D:6)
  A quokka (D:7)
  A giant newt (D:7)
  3 goblin zombies (Ossuary)
  3 hobgoblin zombies (Ossuary)
  A jackal zombie (D:7)
  2 kobolds (D:1)
  An orc zombie (Ossuary)
  A quokka skeleton (D:4)
  2 rats (D:1)
116 creatures vanquished.

Vanquished Creatures (others)
  A fungus (Lair:3)
  A plant (Lair:3)
2 creatures vanquished.

Grand Total: 118 creatures vanquished

Notes
Turn   | Place    | Note
--------------------------------------------------------------
     0 | D:1      | Implojin the Troll Fighter began the quest for the Orb.
     0 | D:1      | Reached XP level 1. HP: 22/22 MP: 0/0
   168 | D:1      | Reached XP level 2. HP: 17/29 MP: 1/1
   225 | D:3      | Reached skill level 3 in Unarmed Combat
   297 | D:4      | Reached XP level 3. HP: 29/36 MP: 2/2
   304 | D:4      | Reached skill level 4 in Unarmed Combat
   319 | D:5      | Entered Level 5 of the Dungeon
   373 | D:5      | Reached XP level 4. HP: 26/44 MP: 3/3
   376 | D:5      | Reached skill level 5 in Unarmed Combat
   432 | D:5      | Noticed Menkaure
   455 | D:5      | Killed Menkaure
   455 | D:5      | Reached skill level 6 in Unarmed Combat
   455 | D:5      | Reached XP level 5. HP: 7/50 MP: 4/4
   464 | D:5      | Found a staircase to the Ecumenical Temple.
   471 | Temple   | Entered the Ecumenical Temple
   519 | Temple   | Became a worshipper of Warmaster Okawaru
   625 | D:6      | Reached XP level 6. HP: 28/59 MP: 5/5
   634 | D:6      | Noticed a phantom
   657 | D:6      | Killed a phantom
   657 | D:6      | Reached skill level 7 in Unarmed Combat
   800 | D:6      | Found a shadowy altar of Dithmenos.
   800 | D:6      | Noticed a phantom
   928 | D:7      | Found a blossoming altar of Fedhas.
   938 | D:7      | Reached * piety under Okawaru
   938 | D:7      | Reached skill level 8 in Unarmed Combat
   938 | D:7      | Reached XP level 7. HP: 59/66 MP: 6/6
   939 | D:7      | Noticed a wyvern
   952 | D:7      | Killed a wyvern
  1009 | D:7      | Found a blossoming altar of Fedhas.
  1009 | D:7      | Found a radiant altar of Vehumet.
  1015 | D:7      | Reached skill level 9 in Unarmed Combat
  1033 | D:7      | Found Affyatrooti's Distillery.
  1039 | D:7      | Bought a potion of heal wounds for 60 gold pieces
  1039 | D:7      | Bought a potion of curing for 36 gold pieces
  1039 | D:7      | Bought a potion of degeneration for 12 gold pieces
  1039 | D:7      | Bought a potion of poison for 12 gold pieces
  1071 | D:8      | Noticed Pikel
  1100 | D:8      | Killed Pikel
  1100 | D:8      | Reached ** piety under Okawaru
  1100 | D:8      | Reached skill level 4 in Fighting
  1100 | D:8      | Reached XP level 8. HP: 50/79 MP: 5/7
  1143 | D:8      | Found a sand-covered staircase.
  1162 | Ossuary  | Entered an ossuary
  1180 | Ossuary  | Reached skill level 5 in Fighting
  1348 | D:8      | Found a staircase to the Lair.
  1371 | D:8      | Reached skill level 6 in Fighting
  1380 | Lair:1   | Entered Level 1 of the Lair of Beasts
  1470 | Lair:2   | Noticed a black mamba
  1488 | Lair:2   | Killed a black mamba
  1488 | Lair:2   | Reached skill level 7 in Fighting
  1488 | Lair:2   | Reached XP level 9. HP: 60/93 MP: 6/8
  1550 | Lair:2   | Reached skill level 8 in Fighting
  1616 | Lair:3   | Reached skill level 1 in Invocations
  1664 | Lair:3   | Reached skill level 2 in Invocations
  1715 | Lair:3   | Reached skill level 3 in Invocations
  1812 | Lair:3   | Found a frozen archway.
  1907 | Lair:3   | Noticed a black mamba
  1931 | Lair:3   | Killed a black mamba
  1931 | Lair:3   | Reached *** piety under Okawaru
  1931 | Lair:3   | Reached skill level 9 in Fighting
  2019 | Lair:3   | Reached XP level 10. HP: 48/107 MP: 8/11
  2113 | IceCv    | Entered an ice cave
  2123 | IceCv    | Reached **** piety under Okawaru
  2125 | IceCv    | Reached skill level 10 in Unarmed Combat
  2166 | IceCv    | Reached skill level 11 in Unarmed Combat
  2176 | IceCv    | HP: 3/107 [polar bear (14)]
  2177 | IceCv    | Slain by a polar bear

Action                   |  1- 3 |  4- 6 |  7- 9 | 10-12 || total
-------------------------+-------+-------+-------+-------++-------
Melee: Unarmed           |    51 |    71 |   252 |    49 ||   423
Invok: Heroism           |       |       |    13 |     2 ||    15
  Use: Scroll            |       |       |     7 |       ||     7
       Potion            |       |       |     2 |     1 ||     3
 Stab: Sleeping          |       |     1 |     1 |       ||     2
  Eat: Chunk             |     2 |     1 |    16 |     2 ||    21
       Meat ration       |       |     1 |       |       ||     1

Table legend:
 A = Turns spent in this place as a percentage of turns spent in the entire game.
 B = Non-inter-level travel turns spent in this place as a percentage of non-inter-level travel turns spent in the entire game.
 C = Inter-level travel turns spent in this place as a percentage of turns spent in this place.
 D = Turns resting spent in this place as a percentage of non-inter-level travel turns spent in this place.
 E = Turns spent auto-exploring this place as a percentage of non-inter-level travel turns spent in this place.
 F = Non-inter-level travel turns spent in this place divided by the number of levels of this place that you've seen.
                   A       B       C       D       E      F
               +-------+-------+-------+-------+-------+----------------------
         Total | 100.0 | 100.0 |   0.0 |   0.2 |   0.0 | 137.9
       Dungeon |  53.8 |  53.8 |   0.0 |   0.4 |   0.0 | 139.2
        Temple |   3.7 |   3.7 |   0.0 |   0.0 |   0.0 |  76.0
          Lair |  33.6 |  33.6 |   0.0 |   0.0 |   0.0 | 174.0
       Ossuary |   5.5 |   5.5 |   0.0 |   0.0 |   0.0 | 114.0
      Ice Cave |   3.3 |   3.3 |   0.0 |   0.0 |   0.0 |  69.0
               +-------+-------+-------+-------+-------+----------------------

Table legend:
 A = Kills in this place as a percentage of kills in entire the game.
 B = Kills by you in this place as a percentage of kills by you in the entire game.
 C = Kills by friends in this place as a percentage of kills by friends in the entire game.
 D = Other kills in this place as a percentage of other kills in the entire game.
 E = Experience gained in this place as a percentage of experience gained in the entire game.
 F = Experience gained in this place divided by the number of levels of this place that you have seen.
                   A       B       C       D       E      F
               +-------+-------+-------+-------+-------+----------------------
         Total | 100.0 | 100.0 |  -nan |  -nan | 100.0 | 569.9
       Dungeon |  37.5 |  37.5 |  -nan |  -nan |  24.2 | 258.2
          Lair |  39.3 |  39.3 |  -nan |  -nan |  47.7 | 1019.5
       Ossuary |  14.3 |  14.3 |  -nan |  -nan |   3.3 | 278.0
      Ice Cave |   8.9 |   8.9 |  -nan |  -nan |  24.9 | 2126.0
               +-------+-------+-------+-------+-------+----------------------
